 Dungeon Crawl Stone Soup version 0.29.1-2-gbd0b4ee654 (webtiles) character file.

Game seed: 7366259748766688793

81 eriqlaplus the Conjurer (level 4, 0/24 HPs)
             Began as a Tengu Conjurer on Nov 1, 2022.
             Slain by a gnoll
             ... wielding a +0 halberd
              (2 damage)
             ... on level 4 of the Dungeon.
             The game lasted 00:08:34 (3484 turns).

eriqlaplus the Conjurer (Tengu Conjurer)            Turns: 3484, Time: 00:08:35

Health: 0/24       AC:  2    Str:  8    XL:     4   Next: 40%
Magic:  2/8        EV: 12    Int: 20    God:
Gold:   68         SH:  0    Dex: 12    Spells: 6/7 levels left

rFire   . . .      SeeInvis .   j - staff of conjuration
rCold   . . .      Faith    .   (no shield)
rNeg    . . .      Spirit   .   a - +0 robe
rPois   .          Reflect  .   (helmet restricted)
rElec   .          Harm     .   (no cloak)
rCorr   .          Rampage  .   (no gloves)
Will    .....                   (boots unavailable)
Stlth   ++........              (no amulet)
HPRegen 0.08/turn               (no ring)
MPRegen 0.11/turn               (no ring)

@: no status effects
A: beak, talons 3
a: no special abilities


You were on level 4 of the Dungeon.
You visited 1 branch of the dungeon, and saw 4 of its levels.

You collected 68 gold pieces.

Inventory:

Hand Weapons
 f - a +0 dagger of venom
Armour
 a - a +0 robe (worn)
Magical Staves
 j - a staff of conjuration (weapon)
Jewellery
 i - a ring of positive energy
Wands
 q - a wand of flame (9)
Scrolls
 d - a scroll of fear {unknown}
 e - 2 scrolls of magic mapping {unknown}
 g - 3 scrolls of identify {unknown}
 k - 2 scrolls of teleportation {unknown}
 m - a scroll of poison {unknown}
 o - a scroll of amnesia {unknown}
 p - a scroll of enchant weapon {unknown}
Potions
 b - 3 potions of magic
 c - a potion of heal wounds {unknown}
 h - a potion of curing {unknown}
 l - a potion of lignification {unknown}
 n - a potion of flight {unknown}


   Skills:
 + Level 2.4 Dodging
 + Level 2.2 Stealth
 + Level 2.4 Spellcasting
 + Level 7.0 Conjurations


You had 6 spell levels left.
You knew the following spells:

 Your Spells              Type           Power      Damage    Failure   Level
a - Magic Dart            Conj           100%       1d8       1%          1

Your spell library contained the following spells:

 Spells                   Type           Power      Damage    Failure   Level
 Searing Ray              Conj           92%        2d7       1%          2
 Dazzling Flash           Conj/Hex       48%        N/A       11%         3
 Fulminant Prism          Conj/Hex       12%        3d9       34%         4
 Iskenderun's Mystic Bla  Conj/Tloc      24%        2d7       34%         4
 Call Canine Familiar     Summ           2%         N/A       41%         3
 Portal Projectile        Hex/Tloc       4%         N/A       41%         3
 Leda's Liquefaction      Hex/Erth       1%         N/A       83%         4


Dungeon Overview and Level Annotations

Branches:
Dungeon (4/15)
 Temple: D:4-7

Altars:

Shops:
D:3 =


Innate Abilities, Weirdness & Mutations

You have a beak for a mouth.
You have claws for feet.


Message History

Press: ? - help, Shift-Dir - straight line, f/p - gnoll
Aim: a gnoll, wielding a +0 whip (lightly wounded, 100% to hit)
You feel a surge of power!
The magic dart hits the gnoll.
The gnoll is heavily wounded.
The gnoll shouts!
The quokka bites you.
The gnoll hits you from afar with a +0 halberd.
The quokka bites you. The gnoll hits you with a +0 whip.
* * * LOW HITPOINT WARNING * * *
Casting: Magic Dart (safe; 1% risk of failure)
Confirm with . or Enter, or press ? or * to list all spells.
Aiming: Magic Dart (safe; 1% risk of failure)
Press: ? - help, Shift-Dir - straight line, f/p - gnoll
Aim: a gnoll, wielding a +0 whip (heavily wounded, 100% to hit)
You feel a surge of power!
The magic dart hits the gnoll.
The gnoll is severely wounded.
The quokka barely misses you. The gnoll hits you with a +0 whip.
* * * LOW HITPOINT WARNING * * *
The gnoll barely misses you.
Casting: Magic Dart (safe; 1% risk of failure)
Confirm with . or Enter, or press ? or * to list all spells.
Aiming: Magic Dart (safe; 1% risk of failure)
Press: ? - help, Shift-Dir - straight line, f/p - gnoll
Aim: a gnoll, wielding a +0 whip (severely wounded, 100% to hit)
You feel a surge of power!
The magic dart hits the gnoll.
The gnoll is almost dead.
The quokka bites you.
* * * LOW HITPOINT WARNING * * *
The gnoll closely misses you. x2
Casting: Magic Dart (safe; 1% risk of failure)
Confirm with . or Enter, or press ? or * to list all spells.
Aiming: Magic Dart (safe; 1% risk of failure)
Press: ? - help, Shift-Dir - straight line, f/p - gnoll
Aim: a gnoll, wielding a +0 whip (almost dead, 100% to hit)
You feel a surge of power!
The magic dart hits the gnoll.
You kill the gnoll!
The quokka bites you.
* * * LOW HITPOINT WARNING * * *
The gnoll hits you from afar with a +0 halberd.
You die...

#.# #.# #.# #.## #.#
.>. ... #.# #.#######
##.# #.#.....# #..#
#.#<###.# ####..#
#.#####.#
####)@...#####........
#gggr#........########
#.####.#.......# #..
########..# .... #..#
#.... #..# #.... #..#
#.... #..# #...g ...#


You could see 3 gnolls and a quokka.

Vanquished Creatures
  A gnoll (D:4)
  2 adders (D:2)
  A worm (D:4)
  3 dart slugs
  4 ball pythons
  4 endoplasms
  2 giant cockroaches
  3 goblins
  9 hobgoblins
  2 jackals (D:1)
  A quokka (D:2)
  4 bats (D:2)
  5 frilled lizards
  7 kobolds
  4 rats
52 creatures vanquished.

Notes
Turn   | Place    | Note
-------+----------+-------------------------------------------
     0 | D:1      | eriqlaplus the Tengu Conjurer began the quest for the Orb.
     0 | D:1      | Reached XP level 1. HP: 10/10 MP: 4/4
   444 | D:1      | Reached XP level 2. HP: 15/15 MP: 4/6
   833 | D:1      | Found a faded altar of an unknown god.
   837 | D:1      | Reached skill level 6 in Conjurations
  1237 | D:1      | Reached XP level 3. HP: 19/19 MP: 3/7
  1970 | D:2      | Reached XP level 4. HP: 24/24 MP: 5/8
  2837 | D:3      | Reached skill level 7 in Conjurations
  2997 | D:3      | Found Ybbooly's Jewellery Boutique.
  3484 | D:4      | Slain by a gnoll

Illustrated notes

Levels and vault maps discovered:
D:1:      dpeg_arrival_fog, layout_basic, chequers_ecumenical_altar_simple,
          minmay_fountain_box, minmay_tripent
D:2:      layout_basic, minmay_pentomino_p2
D:3:      layout_loops_corners, serial_shops, shop
D:4:      layout_basic, zin_angel,
          nicolae_gozag_cash_rules_everything_around_me,
          chequers_temple_overflow_minitemple,
          nicolae_ossuary_entry_false_entrances, uniq_ijyb

Skill      XL: |  1  2  3  4 |
---------------+-------------+-----
Conjurations   | 6 7 |  7.0
Dodging        | |  2.4
Stealth        | |  2.2
Spellcasting   | |  2.4

Action                   |  1- 3 |  4- 6 || total
-------------------------+-------+-------++-------
Melee: Unarmed           |     2 |       ||     2
 Cast: Magic Dart        |    66 |    35 ||   101
Dodge: Dodged            |     2 |     7 ||     9
